 Dungeon Crawl Stone Soup version 0.25-a0-517-gf8b3a32422 (webtiles) character file.

Game seed: 10225100192007785198, levelgen mode: deterministic

9 vurker the Gusty (level 2, -1/12 HPs)
             Began as a Felid Air Elementalist on Feb 17, 2020.
             Slain by a hobgoblin (4 damage)
             ... on level 1 of the Dungeon.
             The game lasted 00:00:47 (474 turns).

vurker the Gusty (Felid Air Elementalist)            Turns: 474, Time: 00:00:48

Health: -1/12      AC:  1    Str:  4    XL:     2   Next: 3%
Magic:  0/6        EV: 18    Int: 16    God:
Gold:   65         SH:  0    Dex: 16    Spells: 4/5 levels left
                                        Lives:  0   Deaths: 0

rFire    . . .     SeeInvis +   (weapon unavailable)
rCold    . . .     Gourm    .   (shield unavailable)
rNeg     . . .     Faith    .   (armour unavailable)
rPois    .         Spirit   .   (helmet unavailable)
rElec    .         Reflect  .   (cloak unavailable)
rCorr    .         Harm     .   (gloves unavailable)
MR       .....                  (boots unavailable)
Stlth    +++.......             (no amulet)
HPRegen  0.04/turn              (no ring)
MPRegen  0.10/turn              (no ring)

@: quick
A: very small, no armour, no weapons or thrown items, stealth, claws 1, fangs 3,
see invisible, carnivore, speed 1, shaggy fur 1, slow metabolism 1, sharp paws
a: no special abilities


You were on level 1 of the Dungeon.
You were full.

You visited 1 branch of the dungeon, and saw 1 of its levels.

You collected 65 gold pieces.

Inventory:

Scrolls
 b - a scroll of identify {unknown}
Potions
 a - a potion of haste {unknown}
 c - a potion of curing {unknown}
 d - 2 potions of heal wounds {unknown}
Comestibles
 e - a ration


   Skills:
 + Level 0.4 Fighting
 - Level 2.6 Dodging
 - Level 2.6 Stealth
 * Level 2.2 Spellcasting
 + Level 1.0 Conjurations
 * Level 2.8 Air Magic


You had 4 spell levels left.
You knew the following spells:

 Your Spells              Type           Power        Failure   Level  Hunger
a - Shock                 Conj/Air       #...         9%          1    #......

Your spell library contained the following spells:

 Spells                   Type           Power        Failure   Level  Hunger
 Swiftness                Chrm/Air       #.......     17%         2    ###....
 Static Discharge         Conj/Air       #.......     26%         3    ###....
 Airstrike                Air            ##........   52%         4    #####..
 Lightning Bolt           Conj/Air       #.........   94%         5    ######.


Dungeon Overview and Level Annotations

Branches:
Dungeon (1/15)

Altars:


Innate Abilities, Weirdness & Mutations

You cannot wear armour.
You are incapable of wielding weapons or throwing items.
Your paws allow you to move quietly. (Stealth)
You have sharp claws.
You have razor-sharp teeth.
You have supernaturally acute eyesight. (SInv)
You are carnivorous and can eat meat at any time.
You cover ground quickly.
You are covered in fur. (AC +1)
You have a slow metabolism.
Your sharp claws are effective at attacking unaware monsters.


Message History

Found a fuming brown potion.
d - 2 grey potions A kobold comes into view.
Found 21 stones.
A kobold is nearby!
A kobold is nearby!
Aim: a kobold, quivering 4 stones (resting)
The zap hits the kobold.
The kobold shouts!
You hear a shout! x2
The kobold throws a stone.
The stone completely misses you.
Aim: a kobold, quivering 3 stones (severely wounded)
The zap hits the kobold.
You kill the kobold!
A hobgoblin comes into view.
Aim: a hobgoblin The zap misses the hobgoblin.
A kobold comes into view.
Aim: a hobgoblin You miscast Shock.
You are very lightly contaminated with residual magic.
Nothing appears to happen.
There are monsters nearby!
You don't have enough magic to cast that spell.
You barely miss the hobgoblin. The hobgoblin misses you.
You scratch the hobgoblin but do no damage.
The hobgoblin closely misses you.
You closely miss the hobgoblin. Your bite misses the hobgoblin.
A bat comes into view.
The hobgoblin hits you.
You scratch the kobold.
You kill the kobold!
You have reached level 2!
The hobgoblin hits you.
* * * LOW HITPOINT WARNING * * *
Unknown command.
You see here a stone.
The bat completely misses you. The bat barely misses you.
The bat hits you but does no damage.
The zap misses the bat. x2; The bat barely misses you.
Your magical contamination has completely faded away.
The zap hits the bat. x2
You kill the bat!
You don't have enough magic to cast that spell.
The hobgoblin closely misses you.
You scratch the hobgoblin. The hobgoblin barely misses you.
You closely miss the hobgoblin. The hobgoblin hits you.
* * * LOW HITPOINT WARNING * * *
You scratch the hobgoblin. The hobgoblin hits you.
You die...

.##...#.###..#...####.#
.##...#...#..#......#.# ##
..........#..#..###.#.#########..
.............................(...
.............#..#.###.#'#######..
...#######......#.# #.......# ..
...# ###.#.#....###.......# ..
...#####...#.#...g..........# ..
...#...#.###.###@######.##### ..
#..#.....#.....#........# ##
#..#.....#######.########
#..#.....≈≈≈≈≈≈≈........(
#..#.....#######.##########
.......(.#.....#...........
#.##.###.###.###.##.###### #.##.#
#...#.#...##.#
#.##.###.#.#.#.####.#


You could see a hobgoblin.

Vanquished Creatures
  A goblin (D:1)
  3 bats (D:1)
  A frilled lizard (D:1)
  4 kobolds (D:1)
  2 rats (D:1)
11 creatures vanquished.

Notes
Turn   | Place    | Note
-------+----------+-------------------------------------------
     0 | D:1      | vurker the Felid Air Elementalist began the quest for the
                  | Orb.
     0 | D:1      | Reached XP level 1. HP: 7/7 MP: 4/4
     3 | D:1      | Noticed an electric eel
     3 | D:1      | Noticed an electric eel
   230 | D:1      | Reached skill level 1 in Conjurations
   451 | D:1      | Reached XP level 2. HP: 8/12 MP: 0/6
   474 | D:1      | Slain by a hobgoblin

Levels and vault maps discovered:
D:1:      arrival_aquarium_b, layout_basic, minmay_misc_feat_tower,
          grunt_decor_cap

Skill      XL: |  1 |
---------------+----+-----
Conjurations   | 1 |  1.0
Fighting       | |  0.4
Dodging        | |  2.6
Stealth        | |  2.6
Spellcasting   | |  2.2
Air Magic      | |  2.8

Action                   || total
-------------------------++-------
Melee: Unarmed           ||     7
 Cast: Shock             ||    18
  Eat: Chunk             ||     4
Armor: Skin              ||     1
Dodge: Dodged            ||    10

Table legend:
 A = Non-vault XP
 B = Vault XP
 C = Vault XP percentage of total XP
 D = Non-vault monster count
 E = Vault monster count
 F = Vault count percentage of total count
                 A         B        C        D         E       F
            +---------+---------+-------+---------+---------+-------
      Total |      13 |       0 |   0.0 |      11 |       0 |   0.0
            +---------+---------+-------+---------+---------+-------
        D:1 |      13 |       0 |   0.0 |      11 |       0 |   0.0
            +---------+---------+-------+---------+---------+-------
